Cogmind - Beta 10.1 @@@ ROGUE MODE // 2020.10.28 @ 10:21:41 Player: The Scout Result: Destroyed by G-47 Trooper with Particle Gun Performance ------------- Evolutions (1) 500 Regions Visited (2) 400 Robots Destroyed (20) 100 Value Destroyed (464) 464 Prototype IDs (4) 80 Alien Tech Used (0) 0 Bonus (0) 0 TOTAL SCORE: 1544 Bonus ------- None Cogmind --------- Core Integrity 0/400 Matter 300/300 Energy 100/100 System Corruption 0% Temperature Cool (9) Movement Core (550) Ox10 Location -9/Materials Parts ------- > --- POWER (1) -------- (None) > --- PROPULSION (2) --- (None) > --- UTILITY (3) ------ High-capacity Storage Unit > --- WEAPON (3) ------- (None) > --- INVENTORY (12) --- Light Ion Engine Light Ion Engine High-capacity Battery (400) High-capacity Matter Pod (200) Visual Processing Unit Sensor Array Signal Interpreter Datajack Peak State ------------ > --- POWER ------------ Light Nuclear Core > --- PROPULSION ------- Aluminum Leg Aluminum Leg > --- UTILITY ---------- Improved Heat Sink High-capacity Storage Unit Medium Armor Plating > --- WEAPON ----------- Particle Gun Particle Gun Particle Gun > --- INVENTORY -------- Light Ion Engine Light Ion Engine High-capacity Battery High-capacity Matter Pod Visual Processing Unit Sensor Array Signal Interpreter Medium Armor Plating Assault Rifle Datajack [Rating: 18] Favorites ----------- Power Light Nuclear Core Engine Light Ion Engine Power Core Light Nuclear Core Propulsion Aluminum Leg Leg Aluminum Leg Wheel Wheel Utility Improved Heat Sink Device Improved Heat Sink Storage High-capacity Storage Unit Protection Medium Armor Plating Weapon Particle Gun Energy Gun Particle Gun Ballistic Gun Assault Rifle Build | -11 -10 -9 ------- Run | Scr Mat Mat Slots Evolved 2 | . . 2 Power . | . . . Propulsion . | . . . Utility 1 | . . 1 Weapon 1 | . . 1 Parts Attached 25 | 8 13 4 Power 3 | 1 2 . Engine 2 | 1 1 . Core 1 | . 1 . Reactor . | . . . Propulsion 7 | 3 4 . Treads . | . . . Leg 4 | . 4 . Wheel 3 | 3 . . Hover . | . . . Flight . | . . . Utility 6 | 2 2 2 Device 2 | 1 1 . Storage 2 | 1 1 . Processor . | . . . Hackware . | . . . Protection 2 | . . 2 Artifact . | . . . Weapon 9 | 2 5 2 Energy Gun 7 | 2 4 1 Energy Cannon . | . . . Ballistic Gun 2 | . 1 1 Ballistic Cannon . | . . . Launcher . | . . . Special Weapon . | . . . Impact Weapon . | . . . Slashing Weapon . | . . . Piercing Weapon . | . . . Special Melee Weapon . | . . . Unidentified Prototypes . | . . . Parts Lost 15 | . 5 10 Power 1 | . . 1 Propulsion 4 | . 2 2 Utility 4 | . 1 3 Weapon 6 | . 2 4 Highest Loss Streak 10 | . 3 10 Average Slot Usage (%) 94 | . 98 67 Engine 2 | . 2 . Core 10 | . 11 7 Leg 23 | . 25 12 Wheel 1 | . 2 . Device 12 | . 13 8 Storage 13 | . 14 11 Protection 1 | . . 9 Energy Gun 23 | . 24 17 Ballistic Gun 2 | . 2 . Naked Turns . | . . . Heaviest Build 54 | 12 44 54 Greatest Support 26 | 26 20 20 Greatest Overweight (x) 12 | 1 3 12 Average Overweight (x) 1 | . 1 2 Largest Inventory Capacity 12 | 6 12 12 Average Capacity 10 | 5 10 12 Most Carried 12 | 4 12 11 Average Carried 9 | 2 9 9 Final Capacity 12 | 6 12 12 Final Carried 12 | 3 12 8 Class Distribution -------------------- 89% | Mutant 5% | Tank 4% | Scavenger-Mutant Dominant Class ---------------- Mutant | -10/Materials Mutant | -9/Materials Resources | -11 -10 -9 ----------- Run | Scr Mat Mat Matter Collected 695 | 250 428 17 Remotely . | . . . Salvage Created 631 | 78 477 76 Parts 42 | 4 32 6 Haulers Intercepted . | . . . Recyclers Shooed . | . . . Parts Field Recycled . | . . . Retrieved Matter . | . . . Parts Self-Destructed . | . . . Prevented . | . . . Kills | -11 -10 -9 ------- Run | Scr Mat Mat Combat Hostiles Destroyed 12 | . 10 2 Guns 10 | . 8 2 AOE 2 | . 2 . Classes Destroyed 6 | 2 4 . Worker 2 | . 2 . Tunneler 1 | 1 . . Recycler 1 | 1 . . Watcher 4 | . 3 1 Swarmer 3 | . 3 . Grunt 9 | . 7 2 Best Kill Streak 4 | 1 4 2 Combat Bots Only 3 | . 3 2 Max Kills in Single Turn 2 | 1 2 1 Gunslinging 1 | . 1 . Exploded 1 | . 1 . Melee . | . . . Uniques/NPCs Destroyed . | . . . Combat | -11 -10 -9 -------- Run | Scr Mat Mat Damage Taken 1708 | . 662 1046 Core 563 | . 159 404 Absorbed by Shields . | . . . Core Remaining (%) 68 | 100 36 . Volleys Fired 63 | 2 49 12 Largest 3 | 2 2 3 Hottest 195 | 90 130 195 Shots Fired 116 | 4 83 29 Gun 116 | 4 83 29 Cannon . | . . . Launcher . | . . . Special . | . . . Kinetic 27 | . 26 1 Thermal 65 | 2 35 28 Explosive . | . . . Electromagnetic 24 | 2 22 . Robot Hit Streak 8 | 4 6 8 Robot Miss Streak 5 | . 5 2 Penetration Max . | . . . Secondary Targets 2 | . 1 1 Max Gunslinging Chain 1 | . 1 1 Shots Hit Robots 72 | 4 51 17 Core Hits 35 | 3 24 8 Critical Hits . | . . . Critical Kills . | . . . Critical Parts Destroyed . | . . . Melee Attacks . | . . . Impact . | . . . Slashing . | . . . Piercing . | . . . Sneak Attacks . | . . . Combat Hostiles . | . . . Follow-up Attacks . | . . . Damage Inflicted 994 | 49 702 243 Guns 867 | 49 595 223 Cannons . | . . . Explosions 107 | . 107 . Melee . | . . . Ramming 20 | . . 20 Kinetic 165 | . 165 . Thermal 626 | 25 378 223 Explosive . | . . . Electromagnetic 183 | 24 159 . Impact . | . . . Slashing . | . . . Piercing . | . . . Highest Corruption . | . . . Average Corruption . | . . . Corruption Purged . | . . . Overload Shots . | . . . Overflow Damage 9 | . 9 . Projectiles . | . . . Explosions 9 | . 9 . Melee . | . . . Knockbacks . | . . . Impact . | . . . Kinetic . | . . . Secondary . | . . . Self-Inflicted Damage 102 | . 101 1 Shots 2 | . 2 . Rammed 16 | . . 16 Targets Rammed 17 | . . 17 Kicked 1 | . . 1 Crushed . | . . . Highest Temperature 811 | 30 291 811 Average Temperature 193 | 17 99 383 Received Heat Transfer 909 | . 303 606 Effects 16 | . . 16 Shutdowns 4 | . . 4 Interference 3 | . . 3 Matter Decay 4 | . . 4 Short Circuit 2 | . . 2 Damage (minor) 2 | . . 2 Damage (major) 1 | . . 1 Siege Activations . | . . . Robots Corrupted . | . . . Combat Hostiles . | . . . Parts Fried . | . . . Impact Corruptions . | . . . Robots Melted . | . . . Combat Hostiles . | . . . Parts Melted 1 | . . 1 Heat Transferred 1345 | 74 716 555 Parts Sabotaged . | . . . Parts Stolen . | . . . Parts Stripped . | . . . Power Chain Reactions 2 | . 2 . Missiles Intercepted . | . . . Alert | -11 -10 -9 ------- Run | Scr Mat Mat Peak Influence 155 | 10 155 72 Initial 6 | . 6 . Average 29 | 5 31 26 Maximum Alert Level . | . . . Low Security (%) 100 | 100 100 100 Level 1 . | . . . Level 2 . | . . . Level 3 . | . . . Level 4 . | . . . Level 5 . | . . . High Security . | . . . Max Security . | . . . Squads Dispatched 2 | . 2 . Investigation 2 | . 2 . Extermination . | . . . Reinforcement . | . . . Assault . | . . . Garrison . | . . . Intercept . | . . . Construction Impeded . | . . . Haulers Reinforced . | . . . Stealth | -11 -10 -9 --------- Run | Scr Mat Mat Distress Signals 1 | . 1 . Communications Jammed . | . . . Distress Signals . | . . . Times Spotted 22 | . 18 4 Peak Tracking Total 4 | . 4 3 Tactical Retreats 1 | . 1 . Traps | -11 -10 -9 ------- Run | Scr Mat Mat Traps Triggered 1 | . 1 . Indirectly . | . . . Trap Hack Attempts . | . . . Triggered . | . . . Disarmed . | . . . Reprogrammed 1 | . 1 . Reused . | . . . Traps Extracted . | . . . Installed . | . . . Triggered . | . . . Machines | -11 -10 -9 ---------- Run | Scr Mat Mat Machines Disabled 1 | . . 1 Max in Single Turn 1 | . . 1 Machines Sabotaged . | . . . Garrisons Compromised . | . . . Overloaded Fab Kills . | . . . Fab Network Shutdowns . | . . . Hacking | -11 -10 -9 --------- Run | Scr Mat Mat Machines Accessed 8 | . 7 1 Terminals 7 | . 6 1 Fabricators . | . . . Repair Stations . | . . . Recycling Units 1 | . 1 . Scanalyzers . | . . . Garrison Access . | . . . Total Hacks 28 | . 25 3 Successful 22 | . 20 2 Failed 6 | . 5 1 Catastrophic 1 | . 1 . Database Lockouts . | . . . Manual . | . . . Terminals 23 | . 20 3 Fabricators . | . . . Repair Stations . | . . . Recycling Units 5 | . 5 . Scanalyzers . | . . . Garrison Access . | . . . Terminal Hacks 17 | . 15 2 Record 8 | . 8 . Robot Analysis 2 | . 2 . Prototype ID Bank 2 | . 1 1 Branch Access Points 1 | . 1 . Alert Level 1 | . . 1 Unreport Threat 1 | . 1 . Reprogram Traps 1 | . 1 . Registered Prototypes 1 | . 1 . Fabricator Hacks . | . . . Repair Station Hacks . | . . . Recycling Unit Hacks 5 | . 5 . Recycle Component 1 | . 1 . Process 1 | . 1 . Report Inventory 1 | . 1 . Retrieve Matter 1 | . 1 . Retrieve Components 1 | . 1 . Scanalyzer . | . . . Garrison Access Hacks . | . . . Unauthorized Hacks . | . . . Terminals . | . . . Fabricators . | . . . Repair Stations . | . . . Recycling Units . | . . . Scanalyzers . | . . . Garrison Access . | . . . Data Cores Recovered . | . . . Used . | . . . Hacking Detections 7 | . 6 1 Full Trace Events 3 | . 3 . Feedback Events . | . . . Feedback Blocked . | . . . Robot Schematics Acquired . | . . . Robots Built . | . . . Matter . | . . . Time . | . . . Total Robot Build Rating . | . . . Part Schematics Acquired . | . . . Parts Built . | . . . Matter . | . . . Time . | . . . Total Part Build Rating . | . . . Parts Repaired . | . . . Time . | . . . Parts Recycled 1 | . 1 . Recycled Matter 64 | . 64 . Retrieved Matter . | . . . Retrieved Components . | . . . Parts Scanalyzed . | . . . Part Schematics Acquired . | . . . Parts Damaged . | . . . Bothacking | -11 -10 -9 ------------ Run | Scr Mat Mat Used RIF Installer . | . . . Robots Hacked . | . . . Non-combat . | . . . Combat . | . . . Robot Hacks Applied . | . . . Relay Couplers Released . | . . . Robots Rewired . | . . . Allies Hacked . | . . . Hacks Repelled . | . . . Allies | -11 -10 -9 -------- Run | Scr Mat Mat Total Allies . | . . . Largest Group . | . . . Highest-Rated Group . | . . . Highest-Rated Ally . | . . . Total Orders . | . . . Ally Attacks . | . . . Total Damage . | . . . Kills . | . . . Allies Corrupted . | . . . Allies Melted . | . . . Intel | -11 -10 -9 ------- Run | Scr Mat Mat Robot Analysis Total 2 | . 2 . Derelict Logs Recovered . | . . . Drone Launches . | . . . Drone Recoveries . | . . . Exploration | -11 -10 -9 ------------- Run | Scr Mat Mat Turns Passed 1960 | 117 1596 247 Spaces Moved 986 | 98 843 45 Core 21 | 13 6 2 Treads . | . . . Legs 810 | . 767 43 Wheels 155 | 85 70 . Hover . | . . . Flight . | . . . Fastest Speed 50 | 50 80 180 Average Speed 157 | 81 164 198 Slowest Speed 650 | 90 200 650 Overloaded Moves . | . . . Propulsion Burnouts . | . . . Robots Hopped . | . . . Cave-ins Triggered . | . . . Exploration Rate (%) 28 | 6 69 10 Regions Visited 2 Branch Regions . Pre-discovered Areas . | . . . Known Exits Taken . | . . . Unknown Exits Taken 2 | 1 1 . Scrap Searched . | . . . Spaces Dug . | . . . Terrain Destroyed 9 | . 9 . Melee . | . . . Projectile . | . . . AOE 9 | . 9 . Terrain Rammed . | . . . Walls Destroyed . | . . . Machines Disabled . | . . . Actions | -11 -10 -9 --------- Run | Scr Mat Mat Total 1202 | 131 981 90 Wait 67 | 10 45 12 Move 984 | 97 842 45 Hop . | . . . Pick Up 34 | 12 22 . Fast Attach . | . . . Attach 25 | 8 13 4 Detach 4 | . 4 . Swap . | . . . Drop 8 | 2 6 . Fire 63 | 2 49 12 Melee . | . . . Ram 15 | . . 15 Kick 2 | . . 2 Crush . | . . . Escape Stasis . | . . . Rewire . | . . . Trap . | . . . Miscellaneous . | . . . Route ------- -11/Scrapyard -10/Materials (discovered 4 exits: *Mat x2 / *Min x2) -9/Materials History --------- Turn | Location | Event 11 | -11/Scrapyard | Discovered new exit (range 16) 118 | -11/Scrapyard | Entered Materials 136 | -10/Materials | Discovered new exit (range 12) 271 | -10/Materials | Lost 3 parts (2n1w) 339 | -10/Materials | Core integrity fell below 50% 399 | -10/Materials | Discovered new exit (range 15) 610 | -10/Materials | Identified exit to Mines 659 | -10/Materials | Build established: Mutant 1158 | -10/Materials | Discovered new exit (range 15) 1714 | -10/Materials | Entered another Materials area 1714 | -9/Materials | Evolved 2 slots: Utility x1, Weapon x1 1910 | -9/Materials | Core integrity fell below 50% 1952 | -9/Materials | Core integrity fell below 20% 1961 | -9/Materials | Destroyed by G-47 Trooper with Particle Gun Last Messages --------------- 01862_ K-01 Serf collects debris. 01862_ Slammed into G-47 Trooper. 01866_ K-01 Serf collects debris. 01869_ Broken Aluminum Leg destroyed. 01869_ Slammed into G-47 Trooper. 01871_ K-01 Serf collects debris. 01877_ Slammed into G-47 Trooper. 01893_ Med. Armor Plating destroyed. 01897_ Lgt. Nuclear Core destroyed. 01900_ Acquired 4 matter. 01900_ Slammed into G-47 Trooper. 01919_ Broken Imp. Heat Sink destroyed. 01927_ Med. Armor Plating destroyed. 01931_ Assault Rifle destroyed. 01936_ Slammed into G-47 Trooper. 01937_ K-01 Serf collects debris. 01940_ U-05 Engineer lays Concrete. 01942_ Slammed into G-47 Trooper. 01943_ K-01 Serf collects debris. 01947_ Slammed into G-47 Trooper. Map ----- +----------------------------------------------------+ | ?????????????????????????????????????????????????? | | ?????????????????????????????????????????????????? | | ?????????????????????????????????????????????????? | | ?????????????????????????????????????????????????? | | ?????????????????????????????????????????????????? | | ?????????????????????????????????????????????????? | | ?????????????????????????????????????????????????? | | ?????????????????????????????????????????????????? | | ?????????????????????????????????????????????????? | | ?????????????????????????????????????????????????? | | ?????????????????????????????????????????????????? | | ?????????????????????????????????????????????????? | | ?????????????????????????????????????????????????? | | ????????????????? ???????????????????????????????? | | ???????????????# ???????????????????????????????? | | ???????????????? ??????????#########????????????? | | ??????????#????# ??????????# #??????????? | | ?????????? ????? ??######## """ #??????????? | | ?????????? ?? ??# # """ #??????????? | | ??????????"" """ ??# # !!! """ #??????????? | | ??????? """ """ ??# # !!! """ #??????????? | | ??????" """ """ ??? "T" # !! #??????????? | | ??????? ????""" # #??????????? | | ?????? ????? # #??????????? | | ?????? #######+######+#####??????????? | | ????? *%=%g@%% #???????????? | | ????? %=!%%%% #???????????? | | ????? %=% % #???????????? | | ????????###########+#############+######?????????? | | ?????????????# ! # | #?????????? | | ?????????????# """ "" # """" "#?????????? | | ?????????????# """ """ # """" T#?????????? | | ?????????????# """ """ # """" "#?????????? | | ?????????????#[ # #?????????? | | ?????????????###########################?????????? | | | | | | | | | | | | | | | | | | | | | | | | | | | | | | | +----------------------------------------------------+ Best States ------------- Heat Dissipation 42 Energy Generation 14 Energy Capacity 250 Matter Stores 300 Matter Capacity 300 Sight Range 16 Terrain Scan Range 16 Terrain Scan Density 10 Armor Coverage 225 Evasion (%) 50 Item Schematics ----------------- None Robot Schematics ------------------ None Fabricated ------------ Nothing Alien Tech Used ----------------- None Achievements -------------- Everything Is Under Control Challenges ------------ None Game ------ Seed AlphaElectronDesublimator Manual? 0 Play Time 00:21:39 Cumulative 2.0 hours Start 2020.10.28 @ 09:59:46 End 2020.10.28 @ 10:21:41 Sessions 1 Manual Loads 0 Difficulty Rogue Special Mode None Game No. 6 Rogue 6 Adventurer 0 Explorer 0 Win Type - Total 0 Types 0/0/0/0/0/0/0/0/0 Lore% 2 Gallery% 3 Achievement% 3 Wizard Run 0 Options --------- ASCII 0 Keyboard 0 Movement Numpad Keybinds 0 Fullscreen 2 Font 24/Cog Map View 76x50 Tactical HUD 1 Map Filters NONE Filters NONE Steam 1 RUN: ceba2077-52d4-4127-ab87-825bc5823da3